 Dungeon Crawl Stone Soup version 0.22.1-5-g62c59d9 (webtiles) character file.

9640 Yuikono the Thaumaturge (level 11, -5/74 HPs)
             Began as a Purple Draconian Fire Elementalist on Jan 11, 2019.
             Was a High Priest of Vehumet.
             Hit by a large rock thrown by a cyclops (42 damage)
             ... on level 11 of the Dungeon on Jan 14, 2019.
             The game lasted 01:22:55 (14939 turns).

Yuikono the Thaumaturge (DrFE)                     Turns: 14939, Time: 01:22:56

Health: -5/74      AC:  7    Str: 11    XL:     11   Next: 25%
Magic:  8/24       EV:  9    Int: 18    God:    Vehumet [*****.]
Gold:   455        SH:  0    Dex: 12    Spells: 0/29 levels left

rFire    . . .     SeeInvis .   m - +1 dagger (protect)
rCold    + + .     Gourm    .   (no shield)
rNeg     . . .     Faith    .   (armour unavailable)
rPois    .         Spirit   .   (helmet restricted)
rElec    .         Reflect  .   W - scarf {rC+ rF+}
rCorr    .         Harm     .   (no gloves)
MR       +....                  (no boots)
Stlth    ++........             (no amulet)
HPRegen  0.22/turn              p - ring of ice
MPRegen  0.19/turn              b - -3 ring of evasion (curse)

@: no status effects
A: breathe power, unfitting armour, cold-blooded, AC +7
a: Breathe Dispelling Energy, Renounce Religion


You were on level 11 of the Dungeon.
You worshipped Vehumet.
Vehumet was extremely pleased with you.
You were not hungry.

You visited 2 branches of the dungeon, and saw 12 of its levels.
You also visited: Sewer.

You collected 586 gold pieces.
You spent 131 gold pieces at shops.

Inventory:

Hand Weapons
 m - a +1 dagger of protection (weapon)
 w - a +0 blowgun
 x - a +2 hunting sling of flaming
 I - the +8 flail of the Pit {antimagic, *Drain rPois Str+4}
   (You found it on level 6 of the Dungeon)

   It reduces the magical energy of the wielder, and disrupts the spells and
   magical abilities of those hit.
   Natural abilities and divine invocations are not affected.
   It affects your strength (+4).
   It protects you from poison.
   It causes draining when unequipped.
Missiles
 a - 136 sling bullets
 h - 379 stones (quivered)
 j - 2 steel tomahawks
 r - 6 tomahawks
 z - 78 bolts
 C - 4 curare-tipped needles
 F - 65 poisoned needles
 R - a throwing net
Armour
 n - a +0 shield
 W - a scarf of resistance (worn)
Jewellery
 b - a cursed -3 ring of evasion (right hand)
 f - an uncursed ring of protection from cold
 i - an uncursed ring of wizardry
 p - a ring of ice (left hand)
 u - an uncursed ring of poison resistance
 H - an uncursed ring of flight
 O - a cursed ring of protection from cold
 P - an uncursed ring of protection from cold
 U - a -2 ring of protection
Wands
 A - a wand of iceblast (22)
 E - a wand of acid (13)
 V - a wand of digging (22)
 Y - a wand of enslavement (17)
Scrolls
 c - 4 scrolls of blinking
 d - 3 scrolls of amnesia
 g - 7 scrolls of teleportation
 s - a scroll of immolation {unknown}
 t - a scroll of magic mapping
 y - 4 scrolls of remove curse
 G - a scroll of fear {unknown}
 J - 2 scrolls of enchant weapon {unknown}
 K - a scroll of silence {unknown}
 L - 3 scrolls of enchant armour {unknown}
 N - 2 scrolls of identify
 S - a scroll of acquirement {unknown}
Potions
 e - a potion of curing
 k - 2 potions of degeneration {unknown}
 l - 2 potions of agility {unknown}
 o - a potion of heal wounds
 v - 4 potions of brilliance {unknown}
 B - a potion of ambrosia {unknown}
 D - a potion of flight {unknown}
 M - 2 potions of haste {unknown}
 Z - 2 potions of might {unknown}
Miscellaneous
 X - a lightning rod (4/4)
Comestibles
 q - a ration
 Q - a chunk of flesh


   Skills:
 - Level 1.7 Dodging
 - Level 1.7 Stealth
 + Level 9.6 Spellcasting
 + Level 8.6 Conjurations
 - Level 6.8 Hexes
 - Level 2.1 Translocations
 - Level 8.8 Fire Magic
 - Level 3.3 Ice Magic
 - Level 3.9 Air Magic
 - Level 3.4 Earth Magic
 - Level 3.3 Poison Magic


You couldn't memorise any spells.
You knew the following spells:

 Your Spells              Type           Power        Failure   Level  Hunger
a - Flame Tongue          Conj/Fire      #####        1%          1    None
b - Throw Flame           Conj/Fire      #####.       1%          2    None
c - Conjure Flame         Conj/Fire      #####...     1%          3    None
d - Sticky Flame          Conj/Fire      #####...     1%          4    ###....
e - Blink                 Tloc           N/A          5%          2    None
f - Slow                  Hex            ####....     1%          2    None
g - Freeze                Ice            ####         1%          1    None
h - Mephitic Cloud        Conj/Pois/Air  ####....     1%          3    None
i - Stone Arrow           Conj/Erth      ####..       1%          3    None
j - Fireball              Conj/Fire      #####.....   1%          5    #####..
k - Dazzling Spray        Conj/Hex       #####.       1%          3    None

Your spell library contained the following spells:

 Spells                   Type           Power        Failure   Level  Hunger
 Corona                   Hex            ####...      1%          1    None
 Magic Dart               Conj           ####         1%          1    None
 Inner Flame              Hex/Fire       #####...     1%          3    None
 Portal Projectile        Hex/Tloc       ###...       3%          3    None
 Cause Fear               Hex            ####......   4%          4    ###....
 Beastly Appendage        Tmut           #.....       9%          1    None
 Leda's Liquefaction      Hex/Erth       ####......   10%         4    ###....
 Spider Form              Tmut/Pois      ##........   12%         3    None
 Call Imp                 Summ           #.......     13%         2    None
 Sticks to Snakes         Tmut           #.......     13%         2    None
 Ice Form                 Ice/Tmut       ###.....     38%         4    ###....
 Blade Hands              Tmut           #.........   93%         5    #####..


Dungeon Overview and Level Annotations

Branches:
Dungeon (11/15)            Temple (1/1) D:5            Lair (0/6) D:10
    Orc: D:9-12

Altars:
Ashenzari
Cheibriados
Dithmenos
Elyvilon
Fedhas
Gozag
Hepliaklqana
Kikubaaqudgha
Makhleb
Nemelex Xobeh
Okawaru
Qazlal
Ru
Sif Muna
Trog
Uskayaw
Vehumet
Wu Jian
Xom
Yredelemnul
Zin
The Shining One

Shops:
D:4 (?=}*

Annotations:
D:5 2 transporters


Innate Abilities, Weirdness & Mutations

You can breathe bolts of dispelling energy.
Your rich purple scales are hard. (AC +7)
You cannot fit into any form of body armour.
You are cold-blooded and may be slowed by cold attacks.


Message History

Aiming: Stone Arrow (safe; 1% risk of failure)
Press: ? - help, Shift-Dir - straight line, f/p - crimson imp
Aim: a crimson imp (moderately wounded)
The stone arrow hits the crimson imp.
You kill the crimson imp!
Vehumet accepts your kill.
You feel your power returning.
You start resting.
The cyclops is too close now for your liking.
Casting: Stone Arrow (safe; 1% risk of failure)
Confirm with . or Enter, or press ? or * to list all spells.
Aiming: Dazzling Spray (safe; 1% risk of failure)
Press: ? - help, Shift-Dir - straight line, f - cyclops
Aim: a cyclops The spray of energy hits the cyclops.
The cyclops is lightly wounded.
The cyclops throws a large rock.
The large rock hits you!!
The cyclops throws a large rock.
The large rock hits you!!!
Ouch! That really hurt!
You die...

### #.# #.. ..# #.# ########.#
#.# #......#.#### #.#
#.####.#.#.. #.# #.#.<#.#.#.#
#.##########.#@##.#.#.####.#
#>.........)...(†........#.#
#.....)......#....#.#C##...####
###.###################.# #......
.........)............#.###......
###.......................+......
###################.#.###......
#.#5####..... #.#.....h5...


You could see a cyclops.

Vanquished Creatures
  Harold (D:7)
  A two-headed ogre (D:11)
  Joseph (D:8)
  A gargoyle (D:7)
  4 trolls
  Grinder (D:6)
  A hippogriff (D:11)
  A basilisk (D:10)
  2 wyverns
  5 yaks
  A steam dragon (D:9)
  A hungry ghost (D:7)
  2 water moccasins
  Duvessa (D:4)
  A black bear (D:6)
  2 sky beasts (D:6)
  2 ice beasts (D:9)
  5 orc warriors
  2 necrophages
  A phantom (D:7)
  4 ogres
  7 big kobolds
  3 bullfrogs
  Dowan (D:4)
  2 scorpions
  11 killer bees
  5 howler monkeys
  4 crimson imps
  3 bullfrog zombies
  A quasit (D:7)
  6 hounds
  3 orc priests
  A gnoll shaman (D:4)
  3 jellies
  A centaur skeleton (D:11)
  7 iguanas
  Jessica (D:2)
  4 bullfrog skeletons
  6 worker ants
  10 orc wizards
  2 hound zombies
  2 howler monkey zombies (D:8)
  A worker ant zombie (D:8)
  10 adders
  7 gnolls
  A river rat (Sewer)
  6 shadow imps
  7 oozes
  An adder skeleton (D:8)
  4 worms
  2 dart slugs
  5 leopard geckos
  22 orcs
  2 bats
  11 giant cockroaches
  6 hobgoblins
  13 jackals
  6 quokkas
  5 ball pythons
  A frilled lizard (D:2)
  6 goblins
  25 kobolds
  A quokka zombie (D:6)
  18 rats
283 creatures vanquished.

Notes
Turn   | Place    | Note
-------+----------+-------------------------------------------
     0 | D:1      | Yuikono the Draconian Fire Elementalist began the quest for
                  | the Orb.
     0 | D:1      | Reached XP level 1. HP: 14/14 MP: 3/3
   468 | D:1      | Reached XP level 2. HP: 16/20 MP: 3/5
   524 | D:1      | Learned a level 2 spell: Throw Flame
   886 | D:2      | Noticed Jessica
   891 | D:2      | Killed Jessica
   891 | D:2      | Reached XP level 3. HP: 24/26 MP: 1/6
   962 | D:2      | Found an iron altar of Okawaru.
  1242 | D:2      | Learned a level 3 spell: Conjure Flame
  1734 | D:3      | Reached XP level 4. HP: 17/33 MP: 4/8
  1736 | D:3      | Reached skill level 3 in Spellcasting
  2078 | D:3      | Reached XP level 5. HP: 38/38 MP: 5/9
  3034 | D:4      | Found Ajysues's Gadget Shoppe.
  3082 | D:4      | Found Tavu Emo's Assorted Antiques.
  3088 | D:4      | Bought a scroll labeled ZUTUCH TOUHOE for 22 gold pieces
  3088 | D:4      | Bought a scroll labeled JABOZX XEIWUKU for 22 gold pieces
  3088 | D:4      | Bought a viscous yellow potion for 19 gold pieces
  3088 | D:4      | Bought a scroll labeled HAPOCK RONIWO for 22 gold pieces
  3088 | D:4      | Bought a scroll labeled HAPOCK RONIWO for 22 gold pieces
  3261 | D:4      | Reached XP level 6. HP: 24/45 MP: 8/11
  3830 | D:4      | Found Faumesi's Magic Scroll Shop.
  3834 | D:4      | Bought a scroll of identify for 24 gold pieces
  3952 | D:4      | Learned a level 4 spell: Sticky Flame
  3957 | D:4      | Learned a level 2 spell: Blink
  3993 | D:4      | Found Loodibae's Jewellery Shoppe.
  4092 | D:4      | Found Pijaiblu's Weapon Boutique.
  4185 | D:4      | Noticed Dowan
  4189 | D:4      | Noticed Duvessa
  4251 | D:4      | Killed Duvessa
  4251 | D:4      | Reached skill level 4 in Spellcasting
  4251 | D:4      | Reached skill level 1 in Translocations
  4251 | D:4      | Reached skill level 5 in Fire Magic
  4253 | D:4      | Killed Dowan
  4253 | D:4      | Your scales start taking on a rich purple colour.
  4253 | D:4      | Reached skill level 5 in Spellcasting
  4253 | D:4      | Reached XP level 7. HP: 33/50 MP: 2/14
  4330 | D:4      | Learned a level 2 spell: Slow
  4451 | D:5      | Entered Level 5 of the Dungeon
  4480 | D:5      | Found a staircase to the Ecumenical Temple.
  4486 | Temple   | Entered the Ecumenical Temple
  4626 | Temple   | Became a worshipper of Vehumet
  4731 | D:5      | Found a glowing drain.
  4740 | Sewer    | Entered a sewer
  5085 | Sewer    | Reached * piety under Vehumet
  5085 | Sewer    | Offered knowledge of Sandblast by Vehumet.
  5664 | D:5      | Reached skill level 1 in Hexes
  5666 | D:5      | Found a stormy altar of Qazlal.
  5666 | D:5      | Found an ancient bone altar of Kikubaaqudgha.
  5666 | D:5      | Found a blossoming altar of Fedhas.
  5673 | D:5      | Found a basalt altar of Yredelemnul.
  5708 | D:5      | Noticed a steam dragon
  5708 | D:5      | Noticed a manticore
  5709 | D:5      | Found an opulent altar of Gozag.
  5709 | D:5      | Found a transporter.
  5733 | D:5      | Found a transporter.
  5761 | D:5      | Found a snail-covered altar of Cheibriados.
  6030 | D:5      | Reached skill level 5 in Conjurations
  6030 | D:5      | Reached XP level 8. HP: 57/57 MP: 8/16
  6167 | D:5      | Reached skill level 6 in Spellcasting
  6707 | D:6      | Got a steaming flail
  6811 | D:6      | Noticed Grinder
  6856 | D:6      | Killed Grinder
  7328 | D:6      | Reached ** piety under Vehumet
  7328 | D:6      | Offered knowledge of Freeze by Vehumet.
  7331 | D:6      | Learned a level 1 spell: Freeze
  7377 | D:6      | Reached skill level 7 in Spellcasting
  7852 | D:6      | Reached XP level 9. HP: 58/62 MP: 19/19
  7857 | D:6      | Learned a level 3 spell: Mephitic Cloud
  8886 | D:7      | Noticed Harold
  8899 | D:7      | Killed Harold
  8899 | D:7      | Reached skill level 8 in Spellcasting
  8899 | D:7      | Reached skill level 5 in Hexes
  9210 | D:7      | Noticed a gargoyle
  9252 | D:7      | Killed a gargoyle
  9686 | D:7      | Offered knowledge of Stone Arrow by Vehumet.
  9686 | D:7      | Reached XP level 10. HP: 57/69 MP: 20/22
  9805 | D:7      | Learned a level 3 spell: Stone Arrow
  9903 | D:7      | Identified the +8 flail of the Pit {antimagic, *Drain rPois
                  | Str+4} (You found it on level 6 of the Dungeon)
  9990 | D:7      | Found an ornate altar of the Wu Jian Council.
 10257 | D:8      | Reached *** piety under Vehumet
 10474 | D:8      | Noticed Joseph
 10506 | D:8      | Killed Joseph
 10748 | D:8      | Reached skill level 9 in Spellcasting
 10876 | D:8      | Found a sparkling altar of Nemelex Xobeh.
 10997 | D:8      | Learned a level 5 spell: Fireball
 11452 | D:9      | Reached skill level 1 in Air Magic
 11452 | D:9      | Reached skill level 1 in Earth Magic
 11452 | D:9      | Reached skill level 1 in Poison Magic
 11478 | D:9      | Reached skill level 1 in Ice Magic
 11838 | D:9      | Offered knowledge of Airstrike by Vehumet.
 12869 | D:10     | Entered Level 10 of the Dungeon
 13154 | D:10     | Reached **** piety under Vehumet
 13260 | D:10     | Offered knowledge of Dazzling Spray by Vehumet.
 13275 | D:10     | Reached XP level 11. HP: 15/74 MP: 20/24
 13903 | D:10     | Found a staircase to the Lair.
 13951 | D:10     | Found a sparkling altar of Nemelex Xobeh.
 14745 | D:11     | Noticed a two-headed ogre
 14751 | D:11     | Killed a two-headed ogre
 14905 | D:11     | Learned a level 3 spell: Dazzling Spray
 14929 | D:11     | Reached ***** piety under Vehumet
 14939 | D:11     | Hit by a large rock thrown by a cyclops

Skill      XL: |  1  2  3  4  5  6  7  8  9 10 11 |
---------------+----------------------------------+-----
Conjurations   | 2 3 4 5 6 7 8 |  8.6
Spellcasting   | 3 5 7 8 9 |  9.6
Fire Magic     | 4 5 6 8 |  8.8
Translocations | 1 2 |  2.1
Hexes          | 1 4 6 |  6.8
Air Magic      | 3 |  3.9
Earth Magic    | 3 |  3.4
Poison Magic   | 3 |  3.3
Ice Magic      | 3 |  3.3
Dodging        | |  1.7
Stealth        | |  1.7

Action                   |  1- 3 |  4- 6 |  7- 9 | 10-12 || total
-------------------------+-------+-------+-------+-------++-------
Melee: Unarmed           |    53 |       |       |       ||    53
       Tailslap          |     2 |    14 |    35 |    24 ||    75
       Club              |    11 |       |       |       ||    11
       Dagger            |     2 |   102 |   428 |   299 ||   831
       Hand axe          |     1 |       |       |       ||     1
       Flail             |       |       |       |     9 ||     9
 Fire: Hunting sling     |       |       |     2 |       ||     2
Throw: Stone             |     1 |     2 |       |       ||     3
 Cast: Flame Tongue      |    26 |    49 |   123 |   188 ||   386
       Throw Flame       |     2 |    22 |    49 |    47 ||   120
       Conjure Flame     |       |     1 |     5 |    16 ||    22
       Slow              |       |       |     4 |     2 ||     6
       Blink             |       |       |     2 |       ||     2
       Freeze            |       |       |    10 |    13 ||    23
       Sticky Flame      |       |       |     7 |    12 ||    19
       Mephitic Cloud    |       |       |       |    14 ||    14
       Stone Arrow       |       |       |       |     4 ||     4
       Dazzling Spray    |       |       |       |     1 ||     1
Evoke: Wand              |       |     2 |     6 |     2 ||    10
  Use: Scroll            |       |     6 |     2 |     6 ||    14
       Potion            |       |     1 |     1 |     4 ||     6
 Stab: Sleeping          |       |     2 |     4 |     2 ||     8
  Eat: Chunk             |     2 |     8 |    11 |    14 ||    35
       Ration            |       |       |     3 |     2 ||     5
Armor: Skin              |    27 |    40 |   166 |   184 ||   417
Dodge: Dodged            |    70 |    77 |   298 |   282 ||   727
